 Dungeon Crawl Stone Soup version 0.29-a0-923-g6e406bff71 (webtiles) character file.

Game seed: 10164272471419183025

50 Newt the Ruffian (level 3, -3/27 HPs)
             Began as a Demonspawn Gladiator on July 27, 2022.
             Was an Initiate of Trog.
             Slain by a gnoll
             ... wielding a +0 flail
              (10 damage)
             ... on level 3 of the Dungeon.
             The game lasted 00:02:34 (2134 turns).

Newt the Ruffian (Demonspawn Gladiator)             Turns: 2134, Time: 00:02:35

Health: -3/27      AC:  4    Str: 16    XL:     3   Next: 55%
Magic:  3/3        EV: 12    Int:  9    God:    Trog [......]
Gold:   72         SH:  0    Dex: 14    Spells: 2/2 levels left

rFire   . . .      SeeInvis .     - Unarmed
rCold   . . .      Faith    .   (no shield)
rNeg    . . .      Spirit   .   a - +0 leather armour
rPois   .          Reflect  .   b - +0 helmet
rElec   .          Harm     .   (no cloak)
rCorr   .          Rampage  .   (no gloves)
Will    .....                   (no boots)
Stlth   +.........              (no amulet)
HPRegen 0.09/turn               (no ring)
MPRegen 0.08/turn               (no ring)

@: no status effects
A: hooves 1
a: Renounce Religion


You were on level 3 of the Dungeon.
You worshipped Trog.
Trog was noncommittal.
You visited 1 branch of the dungeon, and saw 3 of its levels.

You collected 72 gold pieces.

Inventory:

Missiles
 c - 3 throwing nets (quivered)
 d - a javelin
Armour
 a - a +0 leather armour (worn)
 b - a +0 helmet (worn)
Scrolls
 e - a scroll of butterflies {unknown}
 g - a scroll of vulnerability {unknown}
 h - 2 scrolls of magic mapping {unknown}
 k - a scroll of brand weapon {unknown}
 l - a scroll of noise {unknown}
 n - a scroll of fear {unknown}
Potions
 f - 3 potions of curing {unknown}
 i - a potion of cancellation {unknown}
 j - a potion of invisibility {unknown}
 m - a potion of attraction {unknown}


   Skills:
 + Level 2.3 Fighting
 + Level 1.9 Throwing
 + Level 0.8 Armour
 + Level 3.2 Dodging
 + Level 3.3 Unarmed Combat


You had 2 spell levels left.
You didn't know any spells.
Your spell library was empty.

Dungeon Overview and Level Annotations

Branches:
Dungeon (3/15)

Altars:
Trog

Shops:
D:1 :


Innate Abilities, Weirdness & Mutations

You have large cloven feet.


Message History

Found a stone staircase leading down.
You open the door. 4 gnolls come into view.
A gnoll is wielding a +1 whip of venom.
The gnoll shouts! x2
Found a leather armour.
The gnoll hits you with a +0 whip.
You hit the gnoll. You kick the gnoll, but do no damage.
The gnoll is moderately wounded.
The gnoll hits you with a +0 whip.
You barely miss the gnoll. Your kick misses the gnoll.
The gnoll is moderately wounded.
The gnoll barely misses you.
You closely miss the gnoll. You kick the gnoll.
The gnoll is heavily wounded.
You completely miss the gnoll. Your kick misses the gnoll. You hit the gnoll.
You kick the gnoll, but do no damage.
The gnoll is lightly wounded.
The gnoll closely misses you.
You barely miss the gnoll. You kick the gnoll.
The gnoll is moderately wounded.
The gnoll closely misses you.
You barely miss the gnoll.
The gnoll is moderately wounded.
You hit the gnoll but do no damage. You kick the gnoll, but do no damage.
The gnoll is moderately wounded.
The gnoll hits you with a +0 flail.
You barely miss the gnoll.
The gnoll is moderately wounded.
The gnoll hits you with a +0 flail.
There is a stone staircase leading down here.
You climb downwards.
There is a stone staircase leading up here.
You closely miss the gnoll. Your kick misses the gnoll.
The gnoll is moderately wounded.
The gnoll hits you with a +0 flail.
* * * LOW HITPOINT WARNING * * *
You closely miss the gnoll.
The gnoll is moderately wounded.
The gnoll hits you with a +0 flail!
You die... . ########.... #..g@....... #.######.... .

You could see a gnoll.

Vanquished Creatures
  A worm (D:2)
  A dart slug (D:1)
  6 ball pythons
  6 endoplasms
  4 giant cockroaches
  A hobgoblin (D:1)
  4 kobolds
  2 quokkas
  5 bats
  5 frilled lizards
  3 goblins
  6 rats
44 creatures vanquished.

Notes
Turn   | Place    | Note
-------+----------+-------------------------------------------
     0 | D:1      | Newt the Demonspawn Gladiator began the quest for the Orb.
     0 | D:1      | Reached XP level 1. HP: 16/16 MP: 1/1
    91 | D:1      | Found Jefis's Vocational Training.
   322 | D:1      | Gained mutation: You have large cloven feet. [demonic
                  | ancestry]
   322 | D:1      | Reached XP level 2. HP: 16/22 MP: 2/2
  1170 | D:1      | Reached XP level 3. HP: 19/27 MP: 3/3
  1650 | D:2      | Found a bloodstained altar of Trog.
  1675 | D:2      | Became a worshipper of Trog the Wrathful
  2044 | D:2      | Found a faded altar of an unknown god.
  2134 | D:3      | Slain by a gnoll

Illustrated notes

Levels and vault maps discovered:
D:1:      shiori_shiawase, layout_basic, nicolae_shop_vocational
D:2:      layout_basic, basic_altar, shapermc_ecumenical_altar_hornbeckon
D:3:      layout_basic, bloody_trog, kennysheep_generic_room_6

Skill      XL: |  1  2 |
---------------+-------+-----
Unarmed Combat | 3 |  3.3
Dodging        | 3 |  3.2
Fighting       | |  2.3
Throwing       | |  1.9
Armour         | |  0.8

Action                   || total
-------------------------++-------
Melee: Unarmed           ||   120
       Kick              ||    29
       Punch             ||     3
 Stab: Sleeping          ||     2
Armor: Leather armour    ||    40
Dodge: Dodged            ||    66

Table legend: (Time is in decaauts)
 A = Elapsed time spent in this place.
 B = Non-inter-level travel time spent in this place.
 C = Inter-level travel time spent in this place.
 D = Time resting spent in this place.
 E = Time spent auto-exploring this place.
 F = Levels seen in this place.
 G = Mean time per level.
                   A        B        C        D        E       F      G
               +--------+--------+--------+--------+--------+-----+--------+
         Total |   2131 |   2118 |     13 |    103 |   1697 |   3 |  710.3 |
       Dungeon |   2131 |   2118 |     13 |    103 |   1697 |   3 |  710.3 |
               +--------+--------+--------+--------+--------+-----+--------+

Top non-repeatable levels by time:
     D:1: 1317 daAuts
     D:2: 812 daAuts
     D:3: 1 daAuts
